[ AOE2 MATCH · #488920594 ]
UnrankedBulgarians vs Ethiopians
Player's team · WIN
[ REPLAY ANALYSIS · EXTRACTED FROM THE RECORDED GAME ]
Feudal
10:06
Castle
18:17
Imperial
34:04
| APM avg | 82.8 |
| APM peak | 119 |
| eAPM avg | 47.4 |
| Villagers / military | 166 / 200 |
Focus
⚔️ 58.2% · 🌾 41.8%
Skirmisher ×120 · Knight ×50 · Battering Ram ×11 · Trebuchet (Packed) ×6 · Mangonel ×4 · Spearman ×4
Feudal
8:59
Castle
20:08
Imperial
33:56
| APM avg | 64.0 |
| APM peak | 95 |
| eAPM avg | 35.1 |
| Villagers / military | 178 / 184 |
Focus
⚔️ 50.5% · 🌾 49.5%
Archer ×82 · Spearman ×80 · Knight ×8 · Monk ×5 · Scout Cavalry ×3 · Scorpion ×2
Match map
Initial resources + every placement click. Lines = walls · curves = elevation contours. ◆ gold · ⬟ stone · ● berries · ✦ relic · ◌ wall gap
Your base· Open — unwalled flank
OS+ | chart's base· Open — unwalled flank
Smoothed initial terrain · ◌ = detected wall gap · hover for details
Inputs per minute
— TAG_Sitaux - - OS+ | chart
Build order — TAG_Sitaux
First 150 of 612 actions detected
| 0:00 | Create | Villager (Male) |
| 0:01 | Create | Villager (Male) |
| 0:02 | Build | House |
| 0:02 | Build | House |
| 0:06 | Create | Villager (Male) |
| 0:07 | Create | Villager (Male) |
| 1:25 | Create | Villager (Male) |
| 1:25 | Create | Villager (Male) |
| 1:49 | Create | Villager (Male) |
| 1:50 | Create | Villager (Male) |
| 2:22 | Create | Villager (Male) |
| 2:22 | Create | Villager (Male) |
| 2:23 | Build | Mill |
| 2:40 | Create | Villager (Male) |
| 3:20 | Create | Villager (Male) |
| 3:20 | Create | Villager (Male) |
| 3:22 | Create | Villager (Male) |
| 3:42 | Create | Villager (Male) |
| 3:42 | Create | Villager (Male) |
| 3:52 | Build | House |
| 3:53 | Build | House |
| 3:54 | Build | Palisade Wall |
| 3:59 | Create | Villager (Male) |
| 4:20 | Build | Lumber Camp |
| 4:24 | Create | Villager (Male) |
| 4:25 | Create | Villager (Male) |
| 4:37 | Create | Villager (Male) |
| 4:37 | Create | Villager (Male) |
| 4:47 | Create | Villager (Male) |
| 5:17 | Create | Villager (Male) |
| 5:48 | Build | House |
| 6:07 | Build | Palisade Wall |
| 6:10 | Create | Villager (Male) |
| 6:55 | Build | Mill |
| 7:01 | Create | Villager (Male) |
| 7:26 | Research | Loom |
| 7:46 | Research | Feudal Age |
| 7:46 | Research | Feudal Age |
| 7:52 | Build | Palisade Wall |
| 8:23 | Build | Barracks |
| 9:08 | Build | Palisade Gate |
| 9:17 | Create | Militia |
| 9:21 | Create | Militia |
| 9:24 | Build | House |
| 9:25 | Build | Palisade Wall |
| 9:49 | Build | House |
| 10:06 | Age | Feudal Age |
| 10:08 | Create | Villager (Male) |
| 10:11 | Research | Double-Bit Axe |
| 10:20 | Create | Spearman |
| 10:27 | Create | Villager (Male) |
| 10:55 | Create | Villager (Male) |
| 10:57 | Build | Farm |
| 10:59 | Build | Farm |
| 11:01 | Build | Farm |
| 11:14 | Create | Villager (Male) |
| 11:17 | Build | Archery Range |
| 11:43 | Create | Villager (Male) |
| 11:56 | Build | Farm |
| 11:59 | Create | Skirmisher |
| 12:06 | Create | Villager (Male) |
| 12:13 | Create | Villager (Male) |
| 12:15 | Build | Farm |
| 12:16 | Build | Farm |
| 12:30 | Build | House |
| 12:34 | Build | House |
| 12:39 | Create | Skirmisher |
| 12:40 | Create | Villager (Male) |
| 12:57 | Build | Mining Camp |
| 12:59 | Create | Skirmisher |
| 13:12 | Create | Villager (Male) |
| 13:24 | Create | Skirmisher |
| 13:26 | Create | Villager (Male) |
| 13:36 | Build | House |
| 14:12 | Create | Villager (Male) |
| 14:19 | Build | Farm |
| 14:22 | Build | Farm |
| 14:24 | Build | Farm |
| 14:25 | Build | Farm |
| 14:32 | Create | Villager (Male) |
| 14:48 | Build | Blacksmith |
| 15:08 | Create | Villager (Male) |
| 15:20 | Build | Farm |
| 15:22 | Build | Farm |
| 15:37 | Research | Castle Age |
| 15:38 | Research | Castle Age |
| 15:38 | Research | Castle Age |
| 15:40 | Build | House |
| 15:42 | Build | Outpost |
| 15:48 | Create | Skirmisher |
| 16:01 | Create | Spearman |
| 16:08 | Create | Spearman |
| 16:10 | Create | Skirmisher |
| 16:10 | Create | Skirmisher |
| 16:10 | Create | Skirmisher |
| 16:11 | Build | Watch Tower |
| 16:26 | Research | Horse Collar |
| 16:26 | Research | Horse Collar |
| 16:49 | Build | Farm |
| 16:50 | Build | Farm |
| 16:58 | Research | Fletching |
| 17:00 | Create | Skirmisher |
| 17:13 | Research | Padded Archer Armor |
| 17:47 | Create | Villager (Male) |
| 18:04 | Create | Spearman |
| 18:17 | Age | Castle Age |
| 18:21 | Research | Bodkin Arrow |
| 18:32 | Create | Villager (Male) |
| 18:42 | Build | Town Center |
| 18:47 | Research | Elite Skirmisher (upgrade) |
| 18:47 | Research | Elite Skirmisher (upgrade) |
| 18:59 | Create | Skirmisher |
| 19:08 | Research | Town Watch |
| 19:08 | Research | Town Watch |
| 19:09 | Create | Skirmisher |
| 19:14 | Research | Bow Saw |
| 19:14 | Research | Bow Saw |
| 19:33 | Build | Mining Camp |
| 19:35 | Create | Villager (Male) |
| 19:54 | Research | Wheelbarrow |
| 19:54 | Research | Wheelbarrow |
| 19:55 | Build | Farm |
| 20:07 | Create | Villager (Male) |
| 20:08 | Create | Skirmisher |
| 20:17 | Build | Farm |
| 20:19 | Build | Farm |
| 20:22 | Create | Skirmisher |
| 20:26 | Create | Villager (Male) |
| 20:30 | Build | Farm |
| 20:34 | Create | Villager (Male) |
| 20:38 | Build | Farm |
| 20:53 | Create | Villager (Male) |
| 20:53 | Create | Villager (Male) |
| 20:54 | Build | Farm |
| 20:59 | Create | Villager (Male) |
| 21:00 | Create | Villager (Male) |
| 21:17 | Create | Villager (Male) |
| 21:18 | Create | Villager (Male) |
| 21:22 | Create | Skirmisher |
| 21:32 | Create | Villager (Male) |
| 21:34 | Build | House |
| 21:36 | Build | House |
| 21:49 | Create | Villager (Male) |
| 21:58 | Create | Villager (Male) |
| 21:59 | Create | Villager (Male) |
| 21:59 | Build | University |
| 22:06 | Build | Town Center |
| 22:08 | Create | Skirmisher |
| 22:12 | Create | Villager (Male) |
| 22:26 | Research | Leather Archer Armor |
Build order — OS+ | chart
First 150 of 551 actions detected
| 0:02 | Create | Villager (Male) |
| 0:02 | Create | Villager (Male) |
| 0:02 | Build | House |
| 0:03 | Build | House |
| 0:07 | Create | Villager (Male) |
| 0:07 | Create | Villager (Male) |
| 0:07 | Create | Villager (Male) |
| 0:07 | Create | Villager (Male) |
| 1:31 | Create | Villager (Male) |
| 1:31 | Create | Villager (Male) |
| 1:47 | Create | Villager (Male) |
| 1:47 | Create | Villager (Male) |
| 2:12 | Build | Lumber Camp |
| 2:21 | Create | Villager (Male) |
| 2:21 | Create | Villager (Male) |
| 2:50 | Create | Villager (Male) |
| 2:50 | Create | Villager (Male) |
| 2:55 | Create | Villager (Male) |
| 2:55 | Create | Villager (Male) |
| 2:55 | Create | Villager (Male) |
| 3:12 | Create | Villager (Male) |
| 3:12 | Create | Villager (Male) |
| 3:50 | Build | House |
| 3:54 | Create | Villager (Male) |
| 3:54 | Create | Villager (Male) |
| 3:55 | Create | Villager (Male) |
| 4:20 | Create | Villager (Male) |
| 4:20 | Create | Villager (Male) |
| 4:38 | Create | Villager (Male) |
| 4:58 | Create | Villager (Male) |
| 4:59 | Research | Loom |
| 4:59 | Research | Loom |
| 5:13 | Build | Mill |
| 6:06 | Build | Palisade Wall |
| 6:08 | Build | Palisade Wall |
| 6:49 | Research | Feudal Age |
| 7:38 | Build | House |
| 7:39 | Build | Palisade Wall |
| 7:40 | Build | Palisade Wall |
| 7:58 | Build | Barracks |
| 8:28 | Create | Villager (Male) |
| 8:59 | Age | Feudal Age |
| 9:00 | Create | Villager (Male) |
| 9:01 | Build | Archery Range |
| 9:22 | Research | Double-Bit Axe |
| 9:22 | Research | Double-Bit Axe |
| 9:24 | Create | Villager (Male) |
| 9:41 | Create | Villager (Male) |
| 9:47 | Create | Archer |
| 9:48 | Build | House |
| 10:15 | Create | Villager (Male) |
| 10:16 | Build | Mining Camp |
| 10:32 | Create | Archer |
| 10:34 | Create | Villager (Male) |
| 10:41 | Build | Farm |
| 10:55 | Create | Archer |
| 10:57 | Create | Villager (Male) |
| 11:15 | Create | Archer |
| 11:16 | Create | Villager (Male) |
| 11:17 | Build | House |
| 11:18 | Create | Spearman |
| 11:24 | Build | Palisade Wall |
| 11:25 | Build | Palisade Wall |
| 11:26 | Build | Palisade Wall |
| 11:30 | Build | House |
| 11:32 | Build | Palisade Wall |
| 11:35 | Build | Palisade Wall |
| 11:43 | Create | Villager (Male) |
| 11:47 | Build | Farm |
| 11:48 | Build | House |
| 11:53 | Create | Villager (Male) |
| 11:55 | Create | Archer |
| 12:10 | Build | Farm |
| 12:21 | Create | Villager (Male) |
| 12:36 | Build | Palisade Wall |
| 12:40 | Create | Villager (Male) |
| 12:53 | Build | Stable |
| 13:06 | Create | Archer |
| 13:06 | Create | Villager (Male) |
| 13:38 | Build | Farm |
| 13:39 | Build | Farm |
| 13:40 | Create | Scout Cavalry |
| 13:42 | Create | Scout Cavalry |
| 13:46 | Create | Villager (Male) |
| 13:49 | Create | Archer |
| 13:57 | Create | Villager (Male) |
| 13:58 | Create | Archer |
| 14:14 | Create | Villager (Male) |
| 14:18 | Create | Scout Cavalry |
| 14:24 | Create | Villager (Male) |
| 14:33 | Build | Blacksmith |
| 14:37 | Create | Archer |
| 14:39 | Create | Villager (Male) |
| 14:48 | Build | Farm |
| 14:54 | Build | House |
| 15:12 | Build | House |
| 15:21 | Research | Fletching |
| 15:24 | Create | Villager (Male) |
| 15:26 | Build | Farm |
| 15:34 | Build | Farm |
| 15:59 | Create | Villager (Male) |
| 16:00 | Create | Archer |
| 16:13 | Create | Villager (Male) |
| 16:14 | Create | Archer |
| 16:16 | Build | Farm |
| 16:18 | Build | Farm |
| 16:24 | Create | Villager (Male) |
| 16:36 | Build | House |
| 16:43 | Create | Archer |
| 17:28 | Research | Castle Age |
| 17:51 | Build | House |
| 17:52 | Build | Palisade Wall |
| 18:01 | Research | Horse Collar |
| 18:04 | Build | Farm |
| 18:05 | Build | Farm |
| 18:40 | Build | House |
| 18:46 | Create | Archer |
| 18:53 | Build | Palisade Wall |
| 19:10 | Build | Palisade Wall |
| 19:12 | Build | Palisade Wall |
| 19:23 | Create | Archer |
| 19:49 | Create | Villager (Male) |
| 19:52 | Create | Archer |
| 20:08 | Age | Castle Age |
| 20:12 | Build | House |
| 20:13 | Create | Knight |
| 20:15 | Research | Bodkin Arrow |
| 20:16 | Research | Crossbowman (upgrade) |
| 20:17 | Create | Villager (Male) |
| 20:19 | Build | Town Center |
| 20:27 | Create | Villager (Male) |
| 20:33 | Build | Monastery |
| 20:35 | Create | Villager (Male) |
| 20:53 | Build | House |
| 20:54 | Create | Villager (Male) |
| 21:05 | Research | Bow Saw |
| 21:05 | Create | Villager (Male) |
| 21:15 | Build | House |
| 21:17 | Create | Monk |
| 21:19 | Create | Villager (Male) |
| 21:23 | Create | Villager (Male) |
| 21:33 | Create | Villager (Male) |
| 21:33 | Create | Villager (Male) |
| 21:52 | Create | Villager (Male) |
| 21:52 | Create | Villager (Male) |
| 22:04 | Create | Villager (Male) |
| 22:04 | Create | Villager (Male) |
| 22:08 | Build | Siege Workshop |
| 22:13 | Create | Monk |
| 22:26 | Create | Villager (Male) |
Match timeline
| 3:54 | TAG_Sitaux · wall_segment Palisade Wall x1 |
| 6:06 | OS+ | chart · wall_segment Palisade Wall x1 |
| 6:07 | TAG_Sitaux · wall_segment Palisade Wall x10 |
| 6:08 | OS+ | chart · wall_segment Palisade Wall x2 |
| 7:39 | OS+ | chart · wall_segment Palisade Wall x1 |
| 7:40 | OS+ | chart · wall_segment Palisade Wall x1 |
| 7:52 | TAG_Sitaux · wall_segment Palisade Wall x3 |
| 7:58 | OS+ | chart · first_building Barracks |
| 8:23 | TAG_Sitaux · first_building Barracks |
| 8:59 | OS+ | chart · age_up feudal |
| 9:01 | OS+ | chart · first_building Archery Range |
| 9:25 | TAG_Sitaux · wall_segment Palisade Wall x1 |
| 10:06 | TAG_Sitaux · age_up feudal |
| 11:17 | TAG_Sitaux · first_building Archery Range |
| 11:24 | OS+ | chart · wall_segment Palisade Wall x1 |
| 11:25 | OS+ | chart · wall_segment Palisade Wall x1 |
| 11:26 | OS+ | chart · wall_segment Palisade Wall x1 |
| 11:32 | OS+ | chart · wall_segment Palisade Wall x1 |
| 11:35 | OS+ | chart · wall_segment Palisade Wall x1 |
| 12:36 | OS+ | chart · wall_segment Palisade Wall x1 |
| 12:53 | OS+ | chart · first_building Stable |
| 17:52 | OS+ | chart · wall_segment Palisade Wall x2 |
| 18:17 | TAG_Sitaux · age_up castle |
| 18:53 | OS+ | chart · wall_segment Palisade Wall x10 |
| 19:10 | OS+ | chart · wall_segment Palisade Wall x1 |
| 19:12 | OS+ | chart · wall_segment Palisade Wall x17 |
| 20:08 | OS+ | chart · age_up castle |
| 20:33 | OS+ | chart · first_building Monastery |
| 22:08 | OS+ | chart · first_building Siege Workshop |
| 23:57 | TAG_Sitaux · first_building Siege Workshop |
| 26:37 | OS+ | chart · first_market_sell 100 wood |
| 26:38 | OS+ | chart · first_market_buy 100 food |
| 27:19 | TAG_Sitaux · first_building Krepost |
| 27:57 | TAG_Sitaux · first_building Monastery |
| 31:22 | TAG_Sitaux · first_building Stable |
| 33:15 | OS+ | chart · first_building Castle |
| 33:56 | OS+ | chart · age_up imperial |
| 34:04 | TAG_Sitaux · age_up imperial |
| 34:26 | TAG_Sitaux · first_building Castle |
| 35:16 | OS+ | chart · wall_segment Stone Wall x17 |
| 35:33 | OS+ | chart · wall_segment Stone Wall x1 |
| 40:02 | OS+ | chart · wall_segment Stone Wall x1 |
| 41:38 | OS+ | chart · resign |
[ AI ANALYSIS · 1 CREDIT ]
What really happened in this match?
Wolo.gg analyzes every decision: build order, eco, micro, common mistakes by bracket. Personalized analysis on WhatsApp or Discord in 30 seconds.
Civ guide
Bulgarians
Perfil
Sitaux (TAG_Sitaux)